 Dungeon Crawl Stone Soup version 0.19-a0-593-gf2cdb02 (webtiles) character file.

193 Rainbowgamer28 the Slasher (level 5, -2/45 HPs)
             Began as a Centaur Wanderer on June 10, 2016.
             Slain by a hound (4 damage)
             ... on level 4 of the Dungeon.
             The game lasted 00:07:13 (2565 turns).

Rainbowgamer28 the Slasher (Centaur Wanderer)       Turns: 2565, Time: 00:07:15

Health: -2/45      AC:  6    Str: 16    XL:     5   Next: 44%
Magic:  6/6        EV:  8    Int: 14    God:
Gold:   252        SH:  0    Dex: 10    Spells: 0 memorised, 4 levels left

rFire  + . .     SeeInvis .     a - +2 falchion
rCold  + . .     Gourm    .     c - +0 ring mail
rNeg   . . .     Faith    .     (no shield)
rPois  +         Spirit   .     (no helmet)
rElec  +         Dismiss  .     l - +0 cloak
rCorr  +         Reflect  .     (no gloves)
SustAt .         Harm     .     (no barding)
MR     .....                    (no amulet)
Stlth  +.........               (no ring)
                                g - +5 ring of intelligence

@: resistant, flying, very quick, not resistant to hostile enchantments, very
unstealthy
A: hooves 3, deformed body, speed 2, tough skin 3
a: no special abilities


You were on level 4 of the Dungeon.
You were not hungry.

You visited 1 branch of the dungeon, and saw 4 of its levels.

You collected 252 gold pieces.

Inventory:

Hand Weapons
 a - a +2 falchion (weapon)
 b - a +0 mace
Armour
 c - a +0 ring mail (worn)
 l - a +0 cloak (worn)
 t - a +0 chain mail
Jewellery
 g - a +5 ring of intelligence (left hand)
Scrolls
 e - a scroll of noise {unknown}
 f - a scroll of immolation {unknown}
 h - a scroll of amnesia {unknown}
 i - 3 scrolls of remove curse {unknown}
 j - 4 scrolls of identify {unknown}
 o - a scroll of enchant weapon {unknown}
 p - a scroll of teleportation {unknown}
Potions
 q - a potion of curing {unknown}
 s - a potion of might {unknown}
Comestibles
 d - 4 bread rations
 k - a beef jerky
 u - 20 fruits


   Skills:
 - Level 3.0 Fighting
 + Level 4.9 Long Blades
 - Level 1.7 Maces & Flails
 - Level 1.0 Armour
 - Level 1.0 Stealth
   Level 1.7 Evocations


You had 4 spell levels left.
You didn't know any spells.

Dungeon Overview and Level Annotations

Branches:
Dungeon (4/15)
 Temple: D:4-7

Altars:
Qazlal
Yredelemnul

Portals:
Sewer: D:4


Innate Abilities, Weirdness & Mutations

You have hooves in place of feet.
Armour fits poorly on your strangely shaped body.
You cover ground very quickly.
You have extremely tough skin. (AC +3)


Message History

You miss the hound. Your kick misses the hound.
The hound is heavily wounded.
The hound bites you.
* * * LOW HITPOINT WARNING * * *
The hound misses you. The hound bites you but does no damage.
It was a potion of resistance.
You feel protected. The hound bites you.
* * * LOW HITPOINT WARNING * * *
The hound bites you.
* * * LOW HITPOINT WARNING * * *
The hound bites you but does no damage.
It was a potion of flight.
You feel very buoyant.
You fly up into the air.
The hound bites you.
* * * LOW HITPOINT WARNING * * *
The hound bites you.
* * * LOW HITPOINT WARNING * * *
The hound bites you.
You die...

#### .... .....
############# .....
#...#.@ha...# ......
#.#.#h##....##......
#<#..o)>..#..'......
#####....Z.......>..
#..#######......
#..# ≈r# ..... #..#
∩≈≈# .... #..# ≈≈≈≈#
### #..#s≈≈≈≈#


You could see 2 hounds, a worker ant and an orc.

Vanquished Creatures
  A centaur skeleton (D:4)
  An orc wizard (D:3)
  7 adders
  2 worms (D:2)
  2 dart slugs
  A giant gecko (D:1)
  4 orcs (D:3)
  A ball python (D:1)
  5 bats
  3 giant cockroaches
  12 goblins
  5 hobgoblins
  3 kobolds
  2 quokkas (D:2)
  5 giant newts
  8 rats
62 creatures vanquished.

Notes
Turn   | Place    | Note
--------------------------------------------------------------
     0 | D:1      | Rainbowgamer28 the Centaur Wanderer began the quest for the Orb.
     0 | D:1      | Rainbowgamer28 set off with: a +2 falchion, a +0 mace, a +0 ring mail, a bread ration
     0 | D:1      | Reached XP level 1. HP: 19/19 MP: 2/2
    91 | D:1      | Reached skill level 2 in Long Blades
    91 | D:1      | Reached XP level 2. HP: 26/26 MP: 3/3
   713 | D:2      | Reached XP level 3. HP: 31/31 MP: 4/4
   749 | D:2      | Reached skill level 3 in Long Blades
  1393 | D:2      | Reached XP level 4. HP: 21/38 MP: 5/5
  1849 | D:3      | Reached skill level 4 in Long Blades
  1983 | D:3      | Reached XP level 5. HP: 45/45 MP: 6/6
  2306 | D:3      | Found a basalt altar of Yredelemnul.
  2462 | D:3      | Found a stormy altar of Qazlal.
  2541 | D:4      | Found a glowing drain.
  2543 | D:4      | Noticed an ogre
  2565 | D:4      | HP: 2/45 [hound (1)]
  2565 | D:4      | Slain by a hound

Vault maps used:
D:1:      ncdulo_smallfort, minmay_misc_feat_tower
D:2:      first_bread, minmay_stone_trees_small
D:3:      lemuel_coloured_pillars_altar, yredelemnul_altar_generic,
          minmay_misc_feat_room, st_stairs_13, dk_vineyard_2
D:4:      portal_sewer_entry_c

Skill      XL: |  1  2  3  4 |
---------------+-------------+-----
Long Blades    | 2 3 4 |  4.9
Fighting       | |  3.0
Maces & Flails | |  1.7
Armour         | |  1.0
Stealth        | |  1.0
Evocations     | |  1.7

Action                   |  1- 3 |  4- 6 || total
-------------------------+-------+-------++-------
Melee: Falchion          |    83 |   112 ||   195
       Kick              |     7 |    14 ||    21
  Use: Potion            |       |     2 ||     2
  Eat: Chunk             |     1 |     3 ||     4
Armor: Ring mail         |    42 |    54 ||    96
Dodge: Dodged            |    38 |    41 ||    79
